AoeStats
← Ux'RaúlME

Nomad

508118819Analyzed
4v4 RM · 13d ago on Sep 21, 2026· 60m 52s· 8 players
Game mode
Random Map
Map size
231×231
Population
200
Speed
Normal
Resources
Standard
Victory
Conquest
Starting age
Dark Age
Ending age
Imperial Age
RankedLock teamsTeams togetherTeam positionsShared explorationLock speedFull tech treeHidden civsTurbo modeCheats
Victory
Defeat
🇲🇽 Berbers · Mexico
1217
+16
🇺🇸 Franks · United States
1203
+16
🇺🇸 Wu · United States
1192
+17
🇲🇽 Bulgarians · Mexico
1145
+18
🇨🇴 Mongols · Colombia
1227
-18
🇲🇽 Lithuanians · Mexico
1206
-17
🇺🇸 Malay · United States
1199
-16
🇧🇷 Goths · Brazil
1198
-16
OXYEHHO
7:22 Loom
13:19 Feudal Age
14:21 Double-Bit Axe
17:08 Forging
21:35 Castle Age
22:27 Medium Warships
23:24 Iron Casting
26:47 Red Cliffs Tactics
27:28 Wheelbarrow
27:47 Bow Saw
31:03 Scale Mail Armor
31:37 Fletching
35:55 Fishing Lines
38:51 Gillnets
39:49 Chain Mail Armor
39:48 Town Watch
43:25 Imperial Age
44:11 Bodkin Arrow
44:26 Padded Archer Armor
45:02 Town Patrol
45:30 Conscription
44:36 Elite Fire Archer
46:20 Hand Cart
45:28 Crossbowman
46:27 Squires
47:00 Plate Mail Armor
47:31 Blast Furnace
47:08 Hand Cart
48:21 Gold Mining
48:36 Man-at-Arms
49:20 Long Swordsman
50:45 Two-Handed Swordsman
50:46 Pikeman
51:39 Arson
54:53 Champion
56:50 Bracer
58:54 Sitting Tiger
58:56 Halberdier
59:41 Horse Collar
ׅ
4:37 Loom
15:05 Feudal Age
16:38 Double-Bit Axe
17:13 Forging
17:08 Scale Barding Armor
22:15 Scale Mail Armor
34:51 Castle Age
36:12 Wheelbarrow
38:15 Bow Saw
38:31 Husbandry
39:39 Chain Barding Armor
40:50 Iron Casting
42:45 Stone Mining
42:45 Gold Mining
47:38 Hand Cart
Ux'RaulitoMD
3:57 Loom
14:52 Feudal Age
19:02 Castle Age
18:04 Double-Bit Axe
18:31 Arson
19:09 Scale Mail Armor
19:03 Fishing Lines
19:50 Fletching
20:36 Gambesons
23:40 Wheelbarrow
22:52 Town Watch
23:08 Bodkin Arrow
23:25 Forging
26:15 Chain Mail Armor
38:10 Bow Saw
37:44 Horse Collar
38:58 Gillnets
40:44 Hand Cart
44:39 Imperial Age
43:13 Bloodlines
43:03 Husbandry
43:14 Scale Barding Armor
43:45 Iron Casting
44:08 Stirrups
46:23 Conscription
47:20 Gold Mining
47:21 Stone Mining
47:32 Murder Holes
47:47 Masonry
48:01 Elite Konnik
49:18 Bagains
50:45 Chain Barding Armor
51:26 Blast Furnace
59:08 Gold Shaft Mining
59:08 Stone Shaft Mining
Ux'RaúlME
6:10 Loom
13:46 Feudal Age
18:13 Castle Age
18:17 Double-Bit Axe
24:27 Wheelbarrow
24:59 Town Watch
25:34 Hand Cart
28:46 Fletching
31:22 Horse Collar
35:09 Imperial Age
32:58 Husbandry
33:10 Padded Archer Armor
33:41 Bodkin Arrow
34:28 Heavy Plow
34:34 Kasbah
35:18 Leather Archer Armor
36:58 Chemistry
38:49 Conscription
40:42 Murder Holes
42:08 Bracer
42:41 Maghrebi Camels
44:45 Ring Archer Armor
46:07 Elite Camel Archer
60:39 Ballistics
MXTS | Robert Blond
3:49 Loom
15:38 Feudal Age
19:32 Castle Age
18:16 Bloodlines
18:13 Scale Barding Armor
18:19 Forging
22:58 Chain Barding Armor
32:48 Fletching
39:36 Iron Casting
39:17 Double-Bit Axe
40:35 Horse Collar
46:22 Wheelbarrow
51:56 Imperial Age
49:44 Hand Cart
49:14 Town Watch
52:28 Town Patrol
53:12 Plate Barding Armor
53:21 Conscription
53:02 Tower Shields
53:08 Elite Leitis
58:07 Padded Archer Armor
58:03 Bodkin Arrow
59:09 Bracer
59:29 Husbandry
hargir
6:49 Loom
16:51 Feudal Age
21:09 Castle Age
19:34 Double-Bit Axe
22:44 Bow Saw
34:55 Imperial Age
33:25 Wheelbarrow
33:42 Padded Archer Armor
34:20 Gold Mining
35:02 Fletching
35:33 Capped Ram
36:57 Leather Archer Armor
37:08 Siege Ram
38:44 Ballistics
39:04 Conscription
39:18 Crossbowman
40:26 Arbalester
43:29 Bodkin Arrow
43:13 Elite Skirmisher
46:06 Bracer
51:04 Chemistry
Chamango
3:46 Loom
13:44 Feudal Age
16:28 Double-Bit Axe
17:03 Town Watch
18:42 Fishing Lines
21:09 Castle Age
19:45 Stone Mining
21:03 Fletching
22:11 Medium Warships
jonaq
3:35 Loom
14:31 Feudal Age
16:37 Double-Bit Axe
20:42 Castle Age
19:00 Gold Mining
19:09 Fishing Lines
22:56 Bow Saw
27:01 Wheelbarrow
26:11 Town Watch
26:26 Stone Mining
28:19 Town Patrol
34:19 Imperial Age
32:16 Gillnets
35:25 Conscription
36:17 Two-Man Saw
36:54 Fletching
37:04 Padded Archer Armor
38:12 Chemistry
37:36 Ballistics
38:39 Bodkin Arrow
39:00 Leather Archer Armor
41:17 Bloodlines
41:07 Husbandry
41:12 Bracer
41:50 Ring Archer Armor
42:26 Heavy Cavalry Archer
45:42 Elite Huskarl
46:22 Anarchy
46:22 Perfusion
50:21 Forging
50:11 Scale Mail Armor
50:13 Anarchy
50:13 Perfusion
50:38 Guilds
50:33 Squires
50:19 Pikeman
51:40 Iron Casting
51:03 Halberdier
52:19 Chain Mail Armor
54:58 Caravan
Connection lost

Rejoining the realm…

Still unreachable

The connection could not be restored.

Session expired

The server has moved on; the page needs a fresh start.